AoeStats
← dashygo

Arena

505831008Analyzed
4v4 RM · 20d ago on Sep 11, 2026· 56m 42s· 8 players
Game mode
Random Map
Map size
Large (8 player)
Population
200
Speed
Normal
Resources
Standard
Victory
Conquest
Starting age
Dark Age
Ending age
Imperial Age
RankedLock teamsTeams togetherTeam positionsShared explorationLock speedFull tech treeHidden civsTurbo modeCheats
Victory
Defeat
🇺🇸 Jurchens · United States
1042
+14
🇨🇳 Persians · China
1005
+16
🇵🇱 Poles · Poland
1003
+16
🇫🇷 Khmer · France
975
+17
🇯🇵 Celts · Japan
1045
-18
🇮🇳 Shu · India
1018
-16
🇦🇺 Bohemians · Australia
987
-15
🇹🇼 Slavs · Taiwan
963
-14
观音的害怕
9:47 Feudal Age
11:07 Double-Bit Axe
11:55 Horse Collar
20:41 Castle Age
27:38 Gold Mining
31:53 Imperial Age
31:46 Cavalier
MUMINEK
10:47 Feudal Age
11:18 Double-Bit Axe
14:55 Loom
17:41 Castle Age
15:48 Horse Collar
16:46 Gold Mining
16:46 Stone Mining
17:42 Stone Mining
19:06 Bow Saw
22:04 Stone Shaft Mining
23:40 Heavy Plow
29:50 Wheelbarrow
29:01 Town Watch
29:58 Forging
29:53 Scale Barding Armor
33:08 Imperial Age
30:56 Hand Cart
30:47 Husbandry
30:57 Bloodlines
30:10 Light Cavalry
31:01 Town Patrol
32:18 Chain Barding Armor
32:33 Iron Casting
31:58 Scale Mail Armor
33:27 Squires
33:17 Winged Hussar
34:20 Conscription
36:14 Blast Furnace
35:47 Elite Obuch
36:47 Chain Mail Armor
37:27 Crop Rotation
37:55 Lechitic Legacy
38:43 Plate Mail Armor
39:16 Chemistry
38:36 Ballistics
senninha
8:26 Loom
10:45 Feudal Age
13:45 Castle Age
12:07 Double-Bit Axe
12:35 Gold Mining
14:23 Horse Collar
17:03 Town Watch
18:28 Sanctity
22:18 Fervor
22:14 Stone Mining
23:46 Wheelbarrow
24:22 Heavy Plow
25:46 Bow Saw
29:19 Imperial Age
26:56 Fletching
28:13 Masonry
28:34 Hand Cart
28:21 Padded Archer Armor
29:28 Gold Shaft Mining
29:29 Ballistics
29:06 Murder Holes
30:10 Husbandry
30:21 Bloodlines
30:53 Conscription
31:14 Leather Archer Armor
32:05 Double Crossbow
32:06 Elite Ballista Elephant
34:03 Stone Shaft Mining
35:19 Crop Rotation
36:43 Ring Archer Armor
37:19 Chemistry
37:10 Bodkin Arrow
41:16 Hoardings
40:11 Onager
43:24 Siege Engineers
43:50 Architecture
42:53 Capped Ram
43:57 Onager
45:28 Siege Ram
48:40 Bracer
jordham22
10:29 Feudal Age
14:17 Castle Age
12:20 Double-Bit Axe
14:32 Wheelbarrow
14:20 Gold Mining
15:45 Bow Saw
20:41 Horse Collar
21:19 Fervor
21:38 Loom
22:37 Gold Shaft Mining
25:46 Heavy Plow
28:26 Imperial Age
27:01 Hand Cart
28:43 Bloodlines
28:33 Husbandry
28:33 Elite Steppe Lancer
29:42 Forging
29:39 Scale Barding Armor
29:46 Stone Mining
31:35 Two-Man Saw
31:52 Iron Casting
31:44 Chain Barding Armor
34:43 Blast Furnace
36:18 Plate Barding Armor
38:01 Masonry
44:09 Architecture
43:35 Murder Holes
Darby-2026
10:19 Feudal Age
14:00 Castle Age
15:58 Double-Bit Axe
15:56 Horse Collar
23:54 Pikeman
30:04 Murder Holes
30:20 Fortified Wall
30:19 Scale Mail Armor
33:51 Imperial Age
33:34 Murder Holes
33:33 Fletching
34:00 Chain Mail Armor
33:56 Forging
33:57 Halberdier
36:00 Man-at-Arms
37:13 Plate Mail Armor
37:19 Iron Casting
36:40 Bodkin Arrow
37:05 Heavy Scorpion
40:45 Heavy Plow
40:39 Gold Mining
41:55 Blast Furnace
41:31 Long Swordsman
41:58 Gambesons
42:50 Long Swordsman
44:24 Two-Handed Swordsman
46:25 Fortified Wall
48:34 Capped Ram
*Lord*
1:53 Loom
4:24 Loom
10:43 Feudal Age
15:39 Castle Age
15:14 Wheelbarrow
14:26 Double-Bit Axe
14:23 Horse Collar
24:51 Hand Cart
27:19 Forging
27:09 Scale Mail Armor
27:11 Padded Archer Armor
27:16 Fletching
28:17 Bow Saw
28:09 Heavy Plow
28:38 Gold Mining
28:44 Stone Mining
29:13 Chain Mail Armor
32:27 Imperial Age
29:54 Bodkin Arrow
30:39 Gold Shaft Mining
31:06 Leather Archer Armor
30:17 Crossbowman
31:03 Thumb Ring
31:01 Squires
30:23 Pikeman
31:18 Coiled Serpent Array
31:31 Gambesons
32:42 Arson
33:31 Conscription
32:40 Arbalester
32:45 Elite Skirmisher
33:26 Halberdier
34:34 Guilds
34:55 Coinage
37:20 Chemistry
37:04 Ballistics
39:20 Bracer
39:51 Plate Mail Armor
39:52 Ring Archer Armor
39:26 Bolt Magazine
40:07 Elite White Feather Guard
48:11 Banking
49:26 Murder Holes
51:14 Hoardings
dashygo
9:21 Loom
11:34 Feudal Age
16:18 Castle Age
15:02 Horse Collar
15:20 Double-Bit Axe
17:05 Loom
17:56 Wheelbarrow
18:48 Heavy Plow
23:50 Bow Saw
24:29 Hand Cart
26:21 Forging
26:17 Scale Barding Armor
28:38 Husbandry
28:54 Bloodlines
28:55 Gold Mining
31:43 Imperial Age
30:26 Town Watch
31:25 Gold Shaft Mining
31:45 Iron Casting
31:30 Chain Barding Armor
31:17 Detinets
31:40 Town Patrol
31:36 Stone Mining
31:50 Squires
33:07 Conscription
32:09 Elite Boyar
36:20 Blast Furnace
35:56 Plate Barding Armor
35:43 Light Cavalry
36:24 Herbal Medicine
38:22 Crop Rotation
38:55 Two-Man Saw
37:31 Pikeman
37:32 Man-at-Arms
39:27 Scale Mail Armor
41:35 Hoardings
42:13 Fletching
42:40 Chain Mail Armor
48:56 Hussar
51:29 Plate Mail Armor
50:55 Bodkin Arrow
Donegal_Dustman
11:31 Feudal Age
13:53 Loom
17:33 Castle Age
16:16 Horse Collar
16:27 Double-Bit Axe
18:54 Bow Saw
26:16 Pikeman
27:07 Scale Mail Armor
30:35 Chain Mail Armor
31:11 Arson
35:30 Wheelbarrow
35:55 Forging
40:17 Iron Casting
39:34 Fletching
44:06 Imperial Age
42:20 Squires
45:07 Chemistry
44:54 Bodkin Arrow
Connection lost

Rejoining the realm…

Still unreachable

The connection could not be restored.

Session expired

The server has moved on; the page needs a fresh start.